 Dungeon Crawl Stone Soup version 0.20.0-7-g3b7b877 (webtiles) character file.

40856 Hasart the Spear-Bearer (level 14, -5/99 HPs)
             Began as an Octopode Fighter on May 29, 2017.
             Was an Initiate of Gozag.
             Slain by a stone giant (44 damage)
             ... on level 1 of the Orcish Mines.
             The game lasted 00:57:22 (23680 turns).

Hasart the Spear-Bearer (Octopode Fighter)         Turns: 23680, Time: 00:57:23

Health: -5/99      AC:  3    Str: 21    XL:     14   Next: 12%
Magic:  20/20      EV: 19    Int:  7    God:    Gozag
Gold:   1270       SH: 17    Dex: 15    Spells: 13/13 levels left

rFire    + . .     SeeInvis .   N - +5 trident "Grim" {speed, rElec rF+ Str+3 Int-4}
rCold    . . .     Gourm    .   b - +1 shield
rNeg     . . .     Faith    .   i - +2 hat
rPois    +         Spirit   .   C - +4 amulet of reflection
rElec    +         Reflect  +   D - ring of resist corrosion
rCorr    +         Harm     .   L - ring of poison resistance
MR       +....                  M - ring of stealth (curse)
Stlth    +++.......             (no ring)
Regen    0.3/turn               (no ring)
MPRegen  0.2/turn               (no ring)
                                (no ring)
                                (no ring)

@: no status effects
A: almost no armour, stealthy swim, amphibious, 8 rings, constrict 8, camouflage
1, agile 1, electricity resistance, gelatinous body 1
a: Potion Petition, Call Merchant, Bribe Branch, Renounce Religion


You were on level 1 of the Orcish Mines.
You worshipped Gozag.
Gozag was most pleased with you.
You were very hungry.

You visited 4 branches of the dungeon, and saw 21 of its levels.

You collected 5150 gold pieces.
You spent 276 gold pieces at shops.
You paid 3604 gold pieces to Gozag.

Inventory:

Hand Weapons
 a - a +0 trident of piercing
 J - a +3 trident of protection
 N - the +5 trident "Grim" (weapon) {speed, rElec rF+ Str+3 Int-4}
   (You found it on level 5 of the Lair of Beasts)

   Attacks with this weapon are significantly faster.
   It affects your strength (+3).
   It affects your intelligence (-4).
   It protects you from fire.
   It insulates you from electricity.
Armour
 b - a +1 shield (worn)
 i - a +2 hat (worn)
Jewellery
 u - an uncursed amulet of the gourmand
 w - an uncursed ring of ice
 C - a +4 amulet of reflection (around mantle)
 D - a ring of resist corrosion (left tentacle)
 L - a ring of poison resistance (right tentacle)
 M - a cursed ring of stealth (on tentacle)
 P - the ring of Kitraifo {Wiz Str+3, unknown}
   (You took it off an orc on level 11 of the Dungeon)

   [ring of wizardry]

   It improves your spell success rate.
   It affects your strength (+3).
Wands
 k - a wand of confusion (6/48)
 l - a wand of digging (9/24)
 m - a wand of iceblast (3/15)
 s - a wand of digging (13/24)
 t - a wand of lightning (6/15)
 z - a wand of paralysis (0/24)
 A - a wand of polymorph (0/24)
 B - a wand of paralysis (0/24)
 E - a wand of digging (11/24)
 F - a wand of confusion (0/48)
 I - a wand of polymorph (6/24)
Scrolls
 c - a scroll of magic mapping
 e - 2 scrolls of amnesia
 h - 3 scrolls of brand weapon
 j - 6 scrolls of teleportation
 n - 5 scrolls of remove curse
 p - 6 scrolls of identify
 q - 3 scrolls of noise
 r - 3 scrolls of recharging
 x - 3 scrolls of fog
 y - a scroll of random uselessness
 Q - a scroll of holy word {unknown}
 R - a scroll of torment {unknown}
 S - a scroll of fear {unknown}
Potions
 f - 3 potions of brilliance
 g - 8 potions of curing
 T - a potion of flight
 U - a potion of magic
 V - a potion of heal wounds {unknown}
Books
 o - a book of Power

   Spells                             Type                      Level
   a - Iskenderun's Battlesphere      Conjuration/Charms           5
   b - Venom Bolt                     Conjuration/Poison           5
   c - Bolt of Magma                  Conjuration/Fire/Earth       5
   d - Iron Shot                      Conjuration/Earth            6
   e - Orb of Destruction             Conjuration                  7
   f - Spellforged Servitor           Conjuration/Summoning        7
 v - a book of Necromancy

   Spells                             Type                      Level
   a - Pain                           Necromancy                   1
   b - Animate Skeleton               Necromancy                   1
   c - Vampiric Draining              Necromancy                   3
   d - Regeneration                   Charms/Necromancy            3
   e - Animate Dead                   Necromancy                   4
   f - Control Undead                 Necromancy                   4
 G - a book of Callings

   Spells                             Type                      Level
   a - Summon Small Mammal            Summoning                    1
   b - Call Imp                       Summoning                    2
   c - Call Canine Familiar           Summoning                    3
   d - Summon Guardian Golem          Hexes/Summoning              3
   e - Summon Lightning Spire         Summoning/Air                4
   f - Summon Ice Beast               Ice/Summoning                4
 H - a book of Maledictions

   Spells                             Type                      Level
   a - Corona                         Hexes                        1
   b - Ensorcelled Hibernation        Hexes/Ice                    2
   c - Confuse                        Hexes                        3
   d - Tukima's Dance                 Hexes                        3
   e - Dazzling Spray                 Conjuration/Hexes            3
 K - a book of Changes

   Spells                             Type                      Level
   a - Beastly Appendage              Transmutation                1
   b - Sticks to Snakes               Transmutation                2
   c - Spider Form                    Transmutation/Poison         3
   d - Ice Form                       Ice/Transmutation            4
   e - Blade Hands                    Transmutation                5
 O - a book of Misfortune

   Spells                             Type                      Level
   a - Confusing Touch                Hexes                        1
   b - Confuse                        Hexes                        3
   c - Gell's Gravitas                Translocation                3
   d - Petrify                        Transmutation/Earth          4
   e - Metabolic Englaciation         Hexes/Ice                    5
   f - Yara's Violent Unravelling     Hexes/Transmutation          5
Comestibles
 d - 13 bread rations


   Skills:
 + Level 10.7 Fighting
 * Level 14.0 Polearms
 + Level 10.6 Dodging
 + Level 10.8 Shields
 + Level 9.1 Evocations


You had 13 spell levels left.
You didn't know any spells.

Dungeon Overview and Level Annotations

Branches:
Dungeon (12/15)            Temple (1/1) D:4            Lair (6/6) D:9
  Swamp (0/4) Lair:4       Spider (0/4) Lair:2          Orc (2/2) D:11
  Slime: Lair:5-6       Elf: Orc:2

Altars:
Cheibriados
Dithmenos
Elyvilon
Gozag
Hepliaklqana
Kikubaaqudgha
Makhleb
Nemelex Xobeh
Okawaru
Qazlal
Ru
Sif Muna
Trog
Uskayaw
Vehumet
Xom
Yredelemnul
Zin
The Shining One
Beogh

Shops:
D:7 =   D:9 *?   Orc:2 *   Lair:2 (   Lair:5 =

Annotations:
D:3 100P's ghost, amateur DsGl
D:11 Erica


Innate Abilities, Weirdness & Mutations

You cannot wear most types of armour.
You are very stealthy in the water. (Stealth+)
You are amphibious.
You can wear up to eight rings at the same time.
You can use your tentacles to constrict eight enemies at once.
Your skin changes colour to match your surroundings (Stealth+).
Your rubbery body absorbs attacks. (AC +1, EV +1)
You are agile. (Dex +2)
You are resistant to electric shocks. (rElec)


Message History

You hit the stone giant but do no damage.
The stone giant is lightly wounded.
You hit the stone giant.
The stone giant is lightly wounded.
The stone giant hits you!
You puncture the stone giant!
The stone giant is moderately wounded.
You hit the stone giant but do no damage.
You squeeze the stone giant.
The stone giant is moderately wounded.
The stone giant closely misses you.
You hit the stone giant but do no damage.
The stone giant is moderately wounded.
You hit the stone giant.
The stone giant is moderately wounded.
You hit the stone giant.
The stone giant is moderately wounded.
The stone giant hits you!!!
You die...
Your body crumbles into a pile of gold.

..#..###..#............##........
###...#..)....#.#.....###........
.........)##........####.........
.........##.#.........##......#..
.................................
#........##......................
.#.....##.##.............#.......
......#.......................#..
................@C...............
...........>........[........(...
....................[.[......#...
........#...........[..[#.#...##.
.........#.......................
........#...............[).......
#....................#...[.......
#.....................#.#........
......##.........#....#####......


You could see a stone giant.

Vanquished Creatures
  Gastronok (Lair:2)
  An ettin (Orc:1)
  A minotaur (Lair:4)
  2 hydras
  A two-headed ogre (D:11)
  2 orc high priests (Orc:2)
  The ghost of asdu the Basher, a novice VSEE of Elyvilon (D:10)
  An unseen horror (D:10)
  3 orc knights (Orc:2)
  An orc sorcerer (Orc:2)
  An ugly thing (D:11)
  A cyclops (D:11)
  An elephant (Lair:5)
  3 black mambas
  A manticore (D:11)
  A torpor snail (Lair:3)
  2 gargoyles
  8 spiny frogs
  A rime drake (Lair:3)
  3 komodo dragons
  4 trolls
  2 polar bears
  A hornet (D:11)
  5 dream sheep (Lair:3)
  4 hippogriffs
  Sigmund (D:3)
  2 spriggans
  A wraith (D:11)
  A wyvern (Lair:3)
  A basilisk (Lair:4)
  42 yaks
  A vampire mosquito (D:11)
  An acid dragon (D:11)
  4 swamp worms (Lair:4)
  8 water moccasins
  A warg (Orc:2)
  7 porcupines
  3 sky beasts
  2 ice beasts
  2 black bears
  An eye of draining (D:11)
  29 orc warriors
  A necrophage (D:8)
  6 ogres
  2 phantoms
  20 wolves
  7 centaurs
  14 crocodiles
  A big kobold (D:9)
  13 bullfrogs
  A wyvern zombie (D:11)
  A wyvern skeleton (D:10)
  5 killer bees (D:10)
  6 scorpions
  5 wights (D:11)
  An electric eel (Lair:4)
  A howler monkey (D:6)
  4 crimson imps
  A centaur zombie (D:9)
  A bullfrog zombie (D:10)
  6 hounds
  A quasit (D:11)
  3 bullfrog skeletons
  5 jellies
  12 orc priests
  30 orc wizards
  2 iguanas
  Ijyb (D:3)
  3 centaur skeletons
  Natasha (D:3)
  8 worker ants
  2 hell rats (Lair:2)
  A hound skeleton (D:7)
  2 worker ant zombies
  8 gnolls
  A howler monkey skeleton (D:8)
  8 adders
  11 river rats (Lair:2)
  2 shadow imps (D:6)
  An adder zombie (D:6)
  2 adder skeletons
  2 worms
  2 dart slugs (D:1)
  3 leopard geckos
  73 orcs
  8 bats
  4 giant cockroaches
  5 goblins
  9 hobgoblins
  10 jackals
  10 kobolds
  6 quokkas
  4 ball pythons
  4 frilled lizards
  A leopard gecko skeleton (D:6)
  A quokka skeleton (D:9)
  6 rats
  A fungus (Lair:5)
508 creatures vanquished.

Vanquished Creatures (others)
  Nessos (Lair:4)
  A spiny frog (Lair:3)
  A centaur (D:11)
  2 orcs (Orc:2)
  A bush (Lair:4)
  7 fungi
  3 plants
16 creatures vanquished.

Grand Total: 524 creatures vanquished

Notes
Turn   | Place    | Note
-------+----------+-------------------------------------------
     0 | D:1      | Hasart the Octopode Fighter began the quest for the Orb.
     0 | D:1      | Reached XP level 1. HP: 16/16 MP: 1/1
   204 | D:1      | Reached XP level 2. HP: 20/21 MP: 2/2
   749 | D:1      | Reached XP level 3. HP: 26/26 MP: 3/3
  1271 | D:2      | Found a bloodstained altar of Trog.
  1642 | D:2      | Found a bloodstained altar of Trog.
  1761 | D:3      | Noticed 100P's ghost (amateur DsGl)
  1860 | D:3      | Reached XP level 4. HP: 31/31 MP: 4/4
  1871 | D:3      | Noticed Ijyb
  1874 | D:3      | Reached skill level 3 in Polearms
  1889 | D:3      | Killed Ijyb
  2098 | D:3      | Noticed Sigmund
  2109 | D:3      | Killed Sigmund
  2109 | D:3      | Reached skill level 4 in Polearms
  2109 | D:3      | Reached XP level 5. HP: 14/37 MP: 5/5
  2109 | D:3      | Reached XP level 6. HP: 17/43 MP: 6/6
  2844 | D:3      | Noticed Natasha
  2848 | D:3      | Killed Natasha
  3163 | D:3      | Reached XP level 7. HP: 49/49 MP: 7/7
  3558 | D:4      | Reached skill level 5 in Polearms
  3592 | D:4      | Found a staircase to the Ecumenical Temple.
  3649 | Temple   | Entered the Ecumenical Temple
  3659 | Temple   | Became a worshipper of Gozag Ym Sagoz the Greedy
  3927 | D:4      | Reached skill level 5 in Fighting
  3986 | D:4      | Found an iron altar of Okawaru.
  3989 | D:4      | Found a basalt altar of Yredelemnul.
  3990 | D:4      | Found a sparkling altar of Nemelex Xobeh.
  4166 | D:4      | Found a hide-covered altar of Uskayaw.
  4293 | D:5      | Entered Level 5 of the Dungeon
  4323 | D:5      | Reached XP level 8. HP: 55/55 MP: 8/8
  4608 | D:5      | Reached skill level 5 in Dodging
  4608 | D:5      | Reached skill level 5 in Shields
  5081 | D:5      | Reached skill level 6 in Polearms
  5869 | D:6      | Reached skill level 7 in Polearms
  5882 | D:6      | HP: 4/85 [worker ant (2)]
  5890 | D:6      | HP: 3/85 [poisoned by a water moccasin]
  5898 | D:6      | HP: 3/85 [poisoned by a water moccasin]
  6267 | D:6      | Reached XP level 9. HP: 47/62 MP: 9/9
  6851 | D:6      | Found an iron altar of Okawaru.
  7057 | D:7      | Found a glowing silver altar of Zin.
  7162 | D:7      | Found a white marble altar of Elyvilon.
  7464 | D:7      | Found an ancient bone altar of Kikubaaqudgha.
  7508 | D:7      | Reached skill level 8 in Polearms
  7683 | D:7      | Found a hazy altar of Hepliaklqana.
  8546 | D:9      | Gained mutation: You are resistant to electric shocks. (rElec) [potion of mutation]
  8546 | D:9      | Gained mutation: You are agile. (Dex +2) [potion of mutation]
  8620 | D:9      | Found a staircase to the Lair.
  8637 | D:8      | Reached XP level 10. HP: 42/69 MP: 10/10
  8806 | D:9      | Found Allumeha's General Store.
  8809 | D:9      | Bought a scroll of teleportation for 36 gold pieces
  8847 | D:9      | Reached skill level 9 in Polearms
  9405 | D:8      | Reached skill level 1 in Evocations
  9735 | D:9      | Found Zueko's Magic Scroll Emporium.
 10016 | D:9      | Found a shadowy altar of Dithmenos.
 10218 | D:9      | Found a glowing silver altar of Zin.
 10501 | D:9      | Found a snail-covered altar of Cheibriados.
 10612 | D:10     | Entered Level 10 of the Dungeon
 10724 | D:10     | Noticed a gargoyle
 10739 | D:10     | Killed a gargoyle
 11342 | Lair:1   | Entered Level 1 of the Lair of Beasts
 11602 | Lair:1   | Reached skill level 10 in Polearms
 11751 | Lair:1   | Noticed a spiny frog
 11760 | Lair:1   | Killed a spiny frog
 12250 | Lair:1   | Reached XP level 11. HP: 77/77 MP: 13/13
 12354 | Lair:2   | Found a hole to the Spider Nest.
 12356 | Lair:2   | Noticed Gastronok
 12391 | Lair:2   | Killed Gastronok
 13025 | Lair:2   | Bought a runed trident for 240 gold pieces
 13638 | Lair:3   | Reached skill level 11 in Polearms
 13666 | Lair:3   | Found a white marble altar of Elyvilon.
 13937 | Lair:3   | Reached skill level 5 in Evocations
 14201 | Lair:3   | Reached XP level 12. HP: 50/85 MP: 16/16
 14375 | Lair:3   | Noticed a seven-headed hydra
 14393 | Lair:3   | Killed a seven-headed hydra
 15188 | Lair:4   | Noticed Nessos
 15278 | Lair:4   | Killed Nessos
 15281 | Lair:4   | Noticed a six-headed hydra
 15288 | Lair:4   | Killed a six-headed hydra
 15288 | Lair:4   | Reached skill level 12 in Polearms
 15300 | Lair:4   | Noticed a five-headed hydra
 16233 | Lair:4   | Noticed a minotaur
 16233 | Lair:4   | a five-headed hydra changed into a minotaur
 16245 | Lair:4   | Killed a minotaur
 16539 | Lair:4   | Found a staircase to the Swamp.
 16839 | Lair:5   | Reached XP level 13. HP: 92/92 MP: 18/18
 17323 | Lair:5   | Found a dark tunnel.
 17326 | Lair:5   | Got an encrusted trident
 17327 | Lair:5   | Identified the +5 trident "Grim" {speed, rElec rF+ Str+3 Int-4} (You found it on level 5 of the Lair of Beasts)
 17484 | Lair:6   | Entered Level 6 of the Lair of Beasts
 17500 | Lair:5   | Reached skill level 10 in Shields
 17578 | Lair:5   | Reached skill level 10 in Fighting
 17643 | Lair:5   | Reached skill level 13 in Polearms
 18662 | D:10     | Noticed asdu's ghost (novice VSEE)
 18687 | D:10     | Killed asdu's ghost
 19387 | D:11     | Reached skill level 10 in Dodging
 19461 | D:11     | Got a pitted lapis lazuli ring
 20104 | D:11     | Noticed Erica
 20954 | D:11     | Found a staircase to the Orcish Mines.
 20977 | Orc:1    | Entered Level 1 of the Orcish Mines
 20977 | Orc:1    | Noticed an ettin
 20986 | Orc:1    | Killed an ettin
 21859 | Orc:2    | Entered Level 2 of the Orcish Mines
 22482 | Orc:2    | Reached XP level 14. HP: 49/99 MP: 20/20
 22901 | Orc:2    | Noticed an orc warlord
 22958 | Orc:2    | Reached skill level 14 in Polearms
 22998 | Orc:2    | Found a roughly hewn altar of Beogh.
 23291 | Orc:2    | Found Muckael's General Store.
 23650 | Orc:1    | Noticed a stone giant
 23680 | Orc:1    | Slain by a stone giant

Skill      XL: |  1  2  3  4  5  6  7  8  9 10 11 12 13 14 |
---------------+-------------------------------------------+-----
Polearms       | 4 5 7 8 10 11 12 13 14 | 14.0
Fighting       | 4 5 6 7 9 10 | 10.7
Dodging        | 4 5 6 7 8 9 10 | 10.6
Shields        | 4 5 7 8 9 10 | 10.8
Evocations     | 3 5 7 8 9 |  9.1

Action                   |  1- 3 |  4- 6 |  7- 9 | 10-12 | 13-15 || total
-------------------------+-------+-------+-------+-------+-------++-------
Melee: Trident           |    84 |    74 |   397 |   781 |   732 ||  2068
       Constrict         |    19 |    16 |    55 |    69 |    83 ||   242
       Tentacles         |    10 |    12 |    63 |   186 |   172 ||   443
Invok: Call Merchant     |       |       |     1 |     1 |     1 ||     3
       Potion Petition   |       |       |       |     1 |     3 ||     4
Evoke: Wand              |       |       |     1 |    13 |    27 ||    41
  Use: Potion            |       |     1 |     8 |     3 |       ||    12
       Scroll            |       |       |     1 |    11 |     3 ||    15
 Stab: Sleeping          |     8 |     1 |    12 |    12 |     8 ||    41
       Distracted        |       |       |     5 |     2 |     9 ||    16
       Confused          |       |       |       |     2 |       ||     2
       Paralysed         |       |       |       |       |    12 ||    12
  Eat: Chunk             |     3 |     4 |     2 |       |       ||     9
       Royal jelly       |       |       |     4 |     1 |       ||     5
       Fruit             |       |       |     2 |     6 |    15 ||    23
       Meat ration       |       |       |     1 |     3 |       ||     4
       Bread ration      |       |       |       |     1 |     2 ||     3
Armor: Skin              |     9 |     2 |    19 |    44 |    15 ||    89
Dodge: Dodged            |    35 |    27 |   140 |   179 |   114 ||   495
Block: Shield            |    36 |    31 |   139 |   360 |   267 ||   833
       Reflection        |       |       |     1 |     5 |    21 ||    27
